AoeStats
← gzlu12345

Arena

509970728Analyzed
1v1 RM · 4d ago on Sep 28, 2026· 40m 43s· 2 players
Game mode
Random Map
Map size
Tiny (2 player)
Population
200
Speed
Normal
Resources
Standard
Victory
Conquest
Starting age
Dark Age
Ending age
Imperial Age
RankedLock teamsTeams togetherTeam positionsShared explorationLock speedFull tech treeHidden civsTurbo modeCheats
Victory
Defeat
🇨🇳 Goths · China
709
+13
🇪🇸 Hindustanis · Spain
633
-13
RAPAZ
0:29 Loom
11:49 Feudal Age
15:54 Castle Age
14:19 Double-Bit Axe
14:45 Fletching
15:04 Horse Collar
15:33 Padded Archer Armor
16:09 Scale Barding Armor
18:07 Heavy Plow
20:00 Bow Saw
22:45 Bodkin Arrow
23:06 Leather Archer Armor
23:58 Crossbowman
25:05 Chain Barding Armor
25:55 Scale Mail Armor
26:06 Forging
25:54 Gold Mining
26:05 Light Cavalry
26:48 Husbandry
27:25 Thumb Ring
33:47 Imperial Age
31:43 Ballistics
31:21 Murder Holes
33:05 Wheelbarrow
34:33 Shatagni
35:16 Bracer
40:00 Chemistry
gzlu12345
8:27 Loom
13:10 Feudal Age
16:07 Wheelbarrow
15:51 Double-Bit Axe
16:28 Man-at-Arms
19:19 Horse Collar
22:14 Castle Age
22:16 Long Swordsman
23:35 Squires
23:40 Scale Mail Armor
23:52 Forging
25:49 Heavy Plow
26:56 Pikeman
36:00 Chain Mail Armor
38:47 Anarchy
Connection lost

Rejoining the realm…

Still unreachable

The connection could not be restored.

Session expired

The server has moved on; the page needs a fresh start.